 Dungeon Crawl Stone Soup version 0.30-a0-1160-g6e42c06551 (webtiles) character file.

Game seed: 402957038157055094

1236 BigDaddyOpFi the Covered (level 8, -8/68 HPs)
             Began as a Hill Orc Artificer on Apr 25, 2023.
             Was a Follower of Beogh.
             Mangled by an ice beast (14 damage)
             ... on level 5 of the Dungeon.
             The game lasted 00:07:14 (5087 turns).

BigDaddyOpFi the Covered (Hill Orc Artificer)       Turns: 5087, Time: 00:07:14

Health: -8/68      AC: 17    Str: 23    XL:     8   Next: 49%
Magic:  10/10      EV:  6    Int: 11    God:    Beogh [*.....]
Gold:   334        SH:  8    Dex: 11    Spells: 7/7 levels left

rFire   . . .        g - +1 hand axe
rCold   . . .        u - +0 kite shield
rNeg    . . .        k - +1 plate armour
rPois   .            l - +0 helmet
rElec   .            (no cloak)
rCorr   .            n - +0 pair of gloves
SInv    .            j - +0 pair of boots
Will    .....        (no amulet) Stlth
                     p - +6 ring of strength
HPRegen 0.31/turn    (no ring)
MPRegen 0.12/turn

%: no passive effects
@: studying Maces & Flails
A: no striking features
a: Renounce Religion


You were on level 5 of the Dungeon.
You worshipped Beogh.
Beogh was aware of your devotion.
You visited 1 branch of the dungeon, and saw 6 of its levels.

You collected 334 gold pieces.

Inventory:

Hand Weapons
 g - a +1 hand axe (weapon)
Missiles
 m - 3 silver javelins
Armour
 j - a +0 pair of boots (worn)
 k - a +1 plate armour (worn)
 l - a +0 helmet (worn)
 n - a +0 pair of gloves (worn)
 u - a +0 kite shield (worn)
Jewellery
 p - a +6 ring of strength (left hand)
 x - a ring of poison resistance
Wands
 c - a wand of flame (30)
 d - a wand of charming (10)
 e - a wand of iceblast (1) (quivered)
 o - a wand of paralysis (9)
Scrolls
 f - 2 scrolls of vulnerability
 q - a scroll of torment
 r - 2 scrolls of teleportation
 s - a scroll of amnesia
 w - a scroll of enchant weapon
 y - a scroll of noise
Potions
 b - 2 potions of degeneration
 h - 4 potions of flight
 i - 2 potions of haste
 t - a potion of lignification
 v - a potion of mutation


   Skills:
 + Level 5.1 Fighting
 + Level 5.1 Armour
 + Level 3.5 Dodging
 - Level 1.6 Stealth
 + Level 3.9 Shields
 * Level 3.9 Invocations
 - Level 4.6 Evocations


You had 7 spell levels left.
You didn't know any spells.
Your spell library contained the following spells:

 Spells                   Type           Power      Damage    Failure   Level
 Magic Dart               Conj           0%         1d3       100%        1
 Summon Small Mammal      Summ           0%         N/A       100%        1
 Searing Ray              Conj           0%         2d4       100%        2
 Call Canine Familiar     Summ           0%         N/A       100%        3
 Gell's Gravitas          Tloc           0%         N/A       100%        3
 Summon Guardian Golem    Hex/Summ       0%         N/A       100%        3
 Fulminant Prism          Conj/Hex       0%         3d5       100%        4
 Statue Form              Tmut/Erth      0%         N/A       100%        6
 Disjunction              Tloc           0%         N/A       100%        8


Dungeon Overview and Level Annotations

Branches:
Dungeon (6/15)             Temple (0/1) D:5

Altars:
Makhleb
Ru
Xom

Annotations:
D:2 d4rk's ghost, amateur DsBe
D:3 1 runed translucent door


Message History

The ice beast is lightly wounded.
The ice beast completely misses you. You block the ice beast's attack.
You slash the ice beast!
The ice beast is heavily wounded.
You block the ice beast's attack.
You hit the ice beast.
The ice beast is heavily wounded.
The ice beast hits you but does no damage.
The ice beast hits you. The ice beast freezes you!
You hit the ice beast but do no damage.
The ice beast is heavily wounded.
You block the ice beast's attack.
You hit the ice beast.
The ice beast is heavily wounded.
You block the ice beast's attack.
You closely miss the ice beast.
The ice beast is heavily wounded.
The ice beast barely misses you.
The ice beast hits you but does no damage.
You hit the ice beast but do no damage.
The ice beast is heavily wounded.
The ice beast hits you but does no damage.
You slash the ice beast!
The ice beast is severely wounded.
The ice beast barely misses you. The ice beast hits you.
The ice beast freezes you!
You hit the ice beast but do no damage.
The ice beast is severely wounded.
The ice beast hits you but does no damage.
You hit the ice beast but do no damage.
The ice beast is severely wounded.
The ice beast hits you. The ice beast freezes you!
* * * LOW HITPOINT WARNING * * *
The ice beast hits you but does no damage.
You hit the ice beast.
The ice beast is almost dead.
The ice beast hits you.
* * * LOW HITPOINT WARNING * * *
The ice beast freezes you!
You die...

#..#.########.##.#....
#..#.....# #.##.#####
#..#)###.####.##.####
#....[..............##
#####.##.####.##.##..#
#..##......##......
###..##....##......
###Y>##.<..##......
#.@##..............
##.##.#............
####.####.........
#..............
#.........##.##
#.........##...
#.........)#)..
##########.)).. ###.#.


You could see an ice beast.

Vanquished Creatures
  Pikel (D:4)
  A black bear (D:4)
  An ogre (D:5)
  2 centaurs (D:5)
  A howler monkey (D:5)
  A jelly (D:5)
  An orc priest (D:5)
  A hound (D:5)
  2 iguanas
  2 orc wizards
  2 gnolls (D:4)
  5 adders
  A white imp (D:5)
  An ufetubus (D:5)
  4 worms
  3 dart slugs
  13 orcs
  6 ball pythons
  A bat (D:1)
  8 endoplasms
  4 giant cockroaches
  5 goblins
  8 hobgoblins
  4 jackals
  9 kobolds
  4 quokkas
  3 frilled lizards (D:1)
  5 rats
99 creatures vanquished.

Vanquished Creatures (collateral kills)
  A river rat (D:3)
1 creature vanquished.

Vanquished Creatures (others)
  An iguana (D:5)
  An adder (D:3)
  2 gnolls (D:4)
  2 orcs (D:4)
  A quokka (D:3)
7 creatures vanquished.

Grand Total: 107 creatures vanquished

Notes
Turn   | Place    | Note
-------+----------+-------------------------------------------
     0 | D:1      | BigDaddyOpFi the Hill Orc Artificer began the quest for the
                  | Orb.
     0 | D:1      | Reached XP level 1. HP: 16/16 MP: 1/1
    42 | D:1      | Reached skill level 1 in Stealth
   115 | D:1      | Reached skill level 1 in Dodging
   115 | D:1      | Reached XP level 2. HP: 19/23 MP: 2/2
   779 | D:1      | Reached XP level 3. HP: 29/29 MP: 3/3
   954 | D:2      | Found a shimmering altar of Xom.
   979 | D:2      | Got the Catalogue of the Vector and Spelunking
  1385 | D:3      | Found a runed translucent door.
  1414 | D:3      | Reached XP level 4. HP: 22/36 MP: 4/4
  1471 | D:3      | Noticed d4rk's ghost (amateur DsBe)
  1495 | D:3      | Found a runed translucent door.
  1858 | D:3      | Found a sacrificial altar of Ru.
  2106 | D:4      | Noticed Pikel
  2106 | D:4      | Noticed a lemure
  2106 | D:4      | Noticed a lemure
  2106 | D:4      | Noticed a lemure
  2107 | D:4      | Noticed a lemure
  2147 | D:3      | HP: 1/37 [lemure[Pikel] (4)]
  2522 | D:4      | Killed Pikel
  2523 | D:4      | Reached XP level 5. HP: 12/46 MP: 5/5
  2523 | D:4      | Reached XP level 6. HP: 13/52 MP: 6/6
  2523 | D:4      | Reached XP level 7. HP: 15/59 MP: 7/7
  3133 | D:4      | Found a burning altar of Makhleb.
  3506 | D:4      | Became a worshipper of Beogh the Brigand
  4053 | D:5      | Entered Level 5 of the Dungeon
  4120 | D:5      | Reached skill level 1 in Invocations
  4356 | D:5      | Reached XP level 8. HP: 67/67 MP: 9/9
  4407 | D:5      | Reached * piety under Beogh
  4550 | D:5      | Reached skill level 5 in Armour
  4729 | D:5      | Reached skill level 5 in Fighting
  4890 | D:5      | Found a staircase to the Ecumenical Temple.
  5087 | D:5      | Mangled by an ice beast

Illustrated notes

Levels and vault maps discovered:
D:1:      dpeg_arrival_connections, layout_basic, minmay_indecisive_spiral
D:2:      layout_rooms, basic_altar, minmay_pentomino_o2
D:3:      layout_rooms, nicolae_ru_sacrificial_ziggurat, ebering_ghost_sewer_f,
          chequers_serial_rivers_large_a
D:4:      layout_gridville, lemuel_tele_altar, minmay_small_thing, uniq_pikel
D:5:      layout_basic, minmay_temple_entry_nine_rooms, st_stairs_7,
          minivault_19, minmay_manual_mess
D:6:      layout_cave_pools, minitemple, gammafunk_ghost_stat_death,
          gup_sewer_entry_glass, abandoned_shop

Skill      XL: |  1  2  3  4  5  6  7  8 |
---------------+-------------------------+-----
Stealth        | 1 |  1.6
Dodging        | 1 2 3 |  3.5
Fighting       | 2 4 5 |  5.1
Armour         | 4 5 |  5.1
Shields        | 2 3 |  3.9
Evocations     | 4 |  4.6
Invocations    | 2 3 |  3.9

Action                     |  1- 3 |  4- 6 |  7- 9 || total
---------------------------+-------+-------+-------++-------
  Melee: Club              |    15 |       |       ||    15
         Hand axe          |   105 |    78 |   214 ||   397
         Punch             |     2 |       |       ||     2
  Throw: Javelin           |     4 |       |       ||     4
 Invoke: Convert to Beogh  |       |       |     1 ||     1
  Evoke: Wand              |       |     8 |     1 ||     9
    Use: Scroll            |     1 |     8 |     6 ||    15
         Potion            |     3 |     4 |       ||     7
   Stab: Sleeping          |     2 |       |       ||     2
 Armour: Leather armour    |    37 |       |       ||    37
         Skin              |     2 |       |       ||     2
         Chain mail        |    19 |     6 |       ||    25
         Plate armour      |       |    88 |   182 ||   270
  Dodge: Dodged            |    87 |    36 |    81 ||   204
  Block: Kite shield       |       |    35 |   125 ||   160

Table legend: (Time is in decaauts)
 A = Elapsed time spent in this place.
 B = Non-inter-level travel time spent in this place.
 C = Inter-level travel time spent in this place.
 D = Time resting spent in this place.
 E = Time spent auto-exploring this place.
 F = Levels seen in this place.
 G = Mean time per level.
                   A        B        C        D        E       F      G
               +--------+--------+--------+--------+--------+-----+--------+
         Total |   5265 |   5094 |    171 |   1033 |   2829 |   6 |  877.5 |
       Dungeon |   5265 |   5094 |    171 |   1033 |   2829 |   6 |  877.5 |
               +--------+--------+--------+--------+--------+-----+--------+

Top non-repeatable levels by time:
     D:4: 1585 daAuts
     D:5: 1069 daAuts
     D:2: 905 daAuts
     D:1: 890 daAuts
     D:3: 796 daAuts
     D:6: 18 daAuts
